Map: [ESL] Data-C

Players

RagnaroK (SHIN) - Winner!

  • Race: Zerg Zerg
  • Spawn Location: 3:00

Spirit

  • Race: Terran Terran
  • Spawn Location: 9:00

Event: DreamHack SC2 Masters 2022 Valencia

VOD

Have the link to the VOD?

Description

Time

  • Played on: July 1, 2022, 12:58 p.m.
  • Length: 18:44

All games in this series

Show
View Real Time Build Order
Export as new Build Order

RagnaroK Zerg - Winner!

Build Orders: Pool First 

Get SALT Encoding   

  12  0:00  Drone  
  13  0:13  Overlord  
  13  0:17  Drone  
  14  0:31  Drone  
  14  0:32  Drone  
  16  0:40  Spawning Pool  
  15  0:44  Drone  
  15  0:48  Drone  
  17  1:10  Hatchery  
  16  1:12  Drone  
  17  1:26  Extractor  
  17  1:27  Zergling x4  
  17  1:29  Zergling x2  
  17  1:32  Queen  
  19  1:38  Overlord  
  21  1:50  Drone  
  22  2:01  Drone  
  23  2:08  Queen  
  23  2:11  Drone  
  26  2:21  Queen  
  26  2:22  Drone x2  
  30  2:32  Drone  
  30  2:34  Metabolic Boost  
  30  2:35  Drone  
  32  2:41  Overlord  
  32  2:42  Drone  
  30  2:46  Drone  
  30  2:48  Drone  
  32  2:51  Drone  
  33  2:59  Overlord  
  33  3:00  Drone  
  35  3:05  Drone  
  35  3:08  Drone  
  36  3:16  Drone x2  
  36  3:17  Drone x2  
  40  3:24  Drone  
  41  3:29  Hatchery  
  41  3:32  Drone  
  41  3:34  Drone  
  41  3:35  Drone  
  41  3:38  Drone  
  44  3:43  Queen  
  44  3:46  Drone x2  
  48  3:51  Queen  
  48  3:55  Overlord  
  50  3:59  Zergling x4  
  52  4:03  Overlord  
  52  4:06  Overlord  
  52  4:13  Overlord  
  52  4:14  Zergling x4  
  54  4:18  Drone x2, Queen  
  54  4:22  Drone x2  
  60  4:27  Drone  
  60  4:29  Spore Crawler, Queen  
  62  4:33  Drone  
  63  4:41  Zergling x2  
  63  4:42  Drone, Zergling x2  
  63  4:45  Queen  
  66  4:49  Overlord  
  66  4:51  Drone x4  
  72  4:54  Overlord  
  72  4:57  Spore Crawler  
  72  4:59  Queen  
  73  5:01  Drone  
  73  5:02  Spore Crawler  
  73  5:05  Lair  
  73  5:08  Drone x2  
  73  5:12  Zergling x6  
  73  5:13  Drone  
  80  5:14  Drone  
  80  5:15  Drone  
  80  5:17  Drone  
  80  5:18  Drone  
  80  5:20  Drone  
  84  5:24  Extractor  
  84  5:25  Extractor, Drone  
  84  5:26  Extractor  
  84  5:28  Drone  
  82  5:29  Baneling Nest, Drone x3  
  82  5:33  Evolution Chamber  
  82  5:35  Evolution Chamber, Drone  
  84  5:36  Drone  
  84  5:39  Drone  
  84  5:41  Zergling x6  
  88  5:47  Drone x2  
  90  5:52  Drone, Hatchery  
  90  5:54  Drone  
  90  5:56  Zergling x4  
  93  5:58  Zergling x2  
  93  5:59  Zergling x2  
  93  6:01  Zerg Melee Weapons Level 1  
  95  6:04  Zerg Ground Armor Level 1  
  95  6:07  Overseer  
  95  6:11  Zergling x4  
  97  6:13  Overlord x2  
  97  6:15  Centrifugal Hooks  
  97  6:19  Overlord  
  97  6:20  Overlord  
  97  6:23  Overlord  
  97  6:29  Overlord  
  97  6:32  Zergling x14  
  103  6:37  Drone x3  
  103  6:38  Drone  
  105  6:41  Drone x2  
  105  6:42  Drone  
  105  6:43  Drone x2  
  105  6:47  Drone  
  111  6:53  Drone  
  112  6:55  Baneling x9  
  112  6:57  Drone  
  112  6:58  Drone  
  114  7:01  Hatchery  
  114  7:03  Baneling  
  114  7:04  Drone, Baneling  
  114  7:05  Drone x2  
  116  7:11  Overlord  
  116  7:13  Drone x3  
  119  7:16  Zergling x12  
  119  7:18  Spore Crawler  
  119  7:19  Drone  
  119  7:22  Baneling x12  
  125  7:23  Baneling x6  
  125  7:28  Drone x2  
  125  7:29  Zergling x2  
  129  7:30  Zergling x4  
  129  7:33  Overlord  
  130  7:38  Baneling x3  
  130  7:39  Baneling x2  
  130  7:42  Zergling x22  
  140  7:44  Overlord  
  140  7:46  Overlord  
  140  7:48  Zergling x6  
  143  7:55  Infestation Pit, Zergling x4  
  143  7:57  Zerg Melee Weapons Level 2  
  140  8:10  Drone  
  140  8:11  Drone x12  
  141  8:13  Zergling x2  
  141  8:15  Zergling x10  
  141  8:17  Zerg Ground Armor Level 2  
  144  8:21  Extractor  
  144  8:22  Extractor  
  144  8:23  Zergling x2  
  144  8:25  Drone  
  144  8:26  Baneling x3  
  144  8:27  Extractor, Zergling x6  
  144  8:31  Drone  
  144  8:32  Drone x2  
  148  8:36  Drone  
  148  8:37  Drone x2  
  148  8:39  Zergling x12  
  156  8:42  Zergling x2  
  156  8:45  Baneling x4  
  156  8:46  Zergling x2  
  153  8:48  Zergling x4  
  153  8:49  Baneling x2  
  153  8:50  Zergling x8  
  153  8:55  Zergling x2  
  158  8:58  Baneling x9  
  158  9:01  Zergling x16  
  166  9:05  Zergling x12  
  166  9:07  Hive  
  166  9:08  Zergling x2, Hatchery  
  172  9:11  Baneling  
  172  9:12  Extractor, Baneling x3, Zergling x2  
  172  9:13  Zergling x2  
  172  9:14  Zergling x2  
  174  9:19  Overlord x2  
  174  9:21  Overlord  
  174  9:23  Overlord x2  
  174  9:24  Baneling  
  174  9:25  Baneling x9  
  174  9:29  Spore Crawler  
  174  9:31  Zergling x6  
  173  9:37  Overlord  
  172  9:41  Hatchery  
  172  9:42  Zergling x26  
  172  9:43  Zergling x2  
  178  9:49  Extractor, Zergling x6  
  180  9:53  Drone x2  
  180  10:00  Zergling x16  
  180  10:02  Zergling x10  
  190  10:08  Hatchery  
  190  10:09  Zergling x14  
  190  10:12  Drone  
  194  10:18  Zergling x8  
  198  10:23  Hydralisk Den  
  198  10:25  Baneling x6  
  198  10:26  Pneumatized Carapace  
  198  10:27  Overseer x2  
  197  10:32  Zerg Melee Weapons Level 3  
  197  10:34  Zerg Ground Armor Level 3  
  183  10:38  Zergling x26  
  183  10:42  Baneling x9  
  179  10:44  Viper  
  179  10:45  Viper  
  179  10:48  Zergling x8  
  189  10:51  Baneling x7  
  189  10:52  Baneling  
  189  10:59  Zergling x18  
  197  11:09  Overlord  
  184  11:11  Zergling x28  
  185  11:21  Drone x3  
  185  11:22  Zergling x18  
  179  11:27  Drone x2  
  165  11:37  Zergling x16  
  161  11:40  Zergling x6  
  161  11:42  Hatchery  
  161  11:44  Zergling x2  
  161  11:45  Zergling x6  
  164  11:48  Zergling x2  
  164  11:49  Zergling x4  
  164  11:54  Zergling x8  
  169  11:56  Baneling  
  169  11:57  Baneling x8  
  169  11:59  Grooved Spines  
  168  12:03  Zergling x8  
  168  12:08  Hydralisk  
  172  12:09  Zergling x8  
  175  12:18  Hatchery  
  175  12:20  Zergling x12  
  173  12:32  Zergling x2  
  173  12:34  Hatchery  
  173  12:41  Zergling x2  
  173  12:42  Zergling x12  
  180  12:48  Zergling x8  
  183  12:56  Zergling x8  
  186  13:04  Zergling x2, Hatchery  
  186  13:05  Zergling x10  
  188  13:10  Muscular Augments  
  188  13:11  Zergling x10  
  188  13:15  Zergling x4  
  188  13:18  Baneling x9  
  188  13:19  Baneling  
  188  13:23  Zergling x6  
  188  13:29  Zergling x8  
  192  13:38  Spore Crawler x2  
  192  13:41  Zergling x10  
  194  13:47  Zergling x4  
  191  13:53  Zergling x10  
  178  14:03  Zergling x10  
  178  14:06  Zergling x6  
  165  14:10  Zergling x6  
  165  14:14  Hydralisk  
  165  14:17  Hydralisk  
  157  14:22  Zergling x4  
  157  14:23  Zergling x2  
  153  14:25  Zergling x2  
  153  14:28  Zergling x2  
  151  14:31  Zergling x2  
  151  14:37  Hydralisk  
  148  14:41  Hydralisk  
  149  14:45  Hydralisk  
  149  14:49  Hydralisk  
  136  15:10  Hydralisk x4, Hatchery  
  143  15:18  Spawning Pool  
  142  15:26  Viper x3  
  142  15:28  Hydralisk x2  
  152  15:29  Zerg Missile Weapons Level 1  
  152  15:33  Hydralisk  
  152  15:35  Hydralisk  
  156  15:39  Hydralisk x2  
  156  15:42  Hydralisk  
  160  15:48  Hydralisk x2  
  160  15:53  Hydralisk x2  
  164  16:01  Drone  
  164  16:02  Drone x6  
  163  16:06  Queen  
  163  16:08  Hydralisk  
  167  16:11  Baneling x4  
  167  16:12  Baneling  
  167  16:17  Lurker Den  
  166  16:22  Extractor  
  166  16:24  Drone x3  
  168  16:37  Zergling x12  
  174  16:41  Hatchery  
  174  16:44  Drone, Extractor  
  174  16:45  Spore Crawler  
  172  16:47  Zergling x14  
  172  16:50  Baneling x5  
  178  16:56  Drone x3  
  179  17:01  Zergling x6  
  179  17:06  Overlord  
  179  17:07  Zergling x6  
  185  17:09  Baneling x16  
  185  17:16  Seismic Spines  
  185  17:21  Drone x2  
  185  17:22  Zergling x8  
  191  17:26  Baneling  
  191  17:27  Baneling x12  
  181  17:42  Hydralisk, Zergling x4  
  181  17:43  Zergling x14  
  182  17:45  Zergling x6  
  182  17:47  Zergling x8  
  182  17:50  Overseer x2  
  173  18:06  Lurker x2  
  173  18:07  Lurker x8  
  173  18:09  Drone x3, Zergling x16  
  173  18:10  Zergling x2  
  195  18:18  Extractor, Drone x4  
  194  18:23  Extractor  
  193  18:34  Hatchery  
Show
View Real Time Build Order
Export as new Build Order

Spirit Terran 

Build Orders: 2 Factory, Command Center First (CC), Hellion Banshee 

Get SALT Encoding   

  12  0:00  SCV  
  13  0:12  SCV  
  14  0:17  Supply Depot  
  14  0:24  SCV  
  15  0:38  SCV  
  16  0:50  SCV  
  17  1:01  Command Center  
  17  1:04  SCV  
  18  1:13  Barracks  
  18  1:17  SCV  
  19  1:22  Refinery  
  19  1:29  SCV  
  19  1:31  Refinery  
  20  1:41  SCV  
  21  1:54  SCV  
  23  2:01  Reaper  
  23  2:06  Orbital Command  
  23  2:13  Orbital Command  
  23  2:20  Factory  
  23  2:33  Marine  
  23  2:34  SCV, Supply Depot  
  25  2:40  SCV  
  26  2:44  Factory  
  26  2:46  SCV  
  27  2:52  Bunker  
  27  2:53  Marine  
  27  2:56  SCV  
  29  2:58  SCV  
  30  3:08  SCV  
  30  3:11  SCV  
  32  3:14  Barracks Reactor  
  32  3:20  SCV  
  32  3:25  Command Center  
  33  3:27  SCV  
  33  3:32  SCV, Starport  
  35  3:39  SCV  
  35  3:44  SCV  
  35  3:46  Supply Depot  
  36  3:51  SCV  
  36  3:54  Hellion x2  
  41  3:56  SCV  
  41  4:01  Barracks Tech Lab  
  42  4:03  SCV  
  42  4:09  SCV  
  44  4:10  Supply Depot  
  44  4:15  Hellion, SCV  
  44  4:16  Hellion  
  49  4:21  SCV  
  49  4:23  Cloaking Field  
  50  4:24  Banshee  
  50  4:25  Barracks Tech Lab  
  50  4:27  SCV  
  54  4:33  SCV, Supply Depot  
  54  4:37  Hellion x2, Orbital Command  
  59  4:39  SCV  
  59  4:42  Refinery  
  59  4:43  Supply Depot  
  59  4:45  SCV, Marine, Stimpack  
  62  4:51  SCV  
  63  4:57  SCV, Supply Depot  
  64  5:04  SCV  
  64  5:05  Barracks  
  64  5:06  Orbital Command, Refinery  
  64  5:07  Barracks, Factory Reactor, Banshee  
  65  5:09  Engineering Bay  
  65  5:10  Engineering Bay, SCV  
  69  5:17  SCV  
  69  5:19  Supply Depot  
  70  5:25  Barracks  
  70  5:26  Barracks, SCV  
  71  5:28  Supply Depot  
  71  5:30  SCV  
  71  5:33  SCV  
  73  5:37  Terran Infantry Armor Level 1, Terran Infantry Weapons Level 1  
  73  5:38  SCV  
  73  5:42  SCV  
  75  5:45  SCV  
  76  5:50  Bunker, SCV  
  76  5:52  Supply Depot  
  76  5:54  SCV  
  78  5:57  SCV, Siege Tank  
  78  5:58  Starport Reactor, Marine x2  
  78  6:02  SCV  
  78  6:04  Marine x3  
  86  6:06  SCV  
  86  6:09  SCV  
  90  6:15  SCV, Marine x2  
  90  6:18  SCV, Barracks Reactor  
  94  6:19  Barracks Reactor  
  94  6:21  SCV, Marine  
  94  6:22  Marine x2  
  98  6:27  SCV  
  98  6:29  Siege Tank  
  102  6:33  Marine x2  
  102  6:36  Medivac x2  
  102  6:38  SCV  
  102  6:39  Marine x2  
  110  6:40  SCV x2, Marine  
  110  6:45  Supply Depot  
  110  6:47  Combat Shield, Supply Depot  
  114  6:51  Marine x2, Supply Depot, Refinery  
  116  6:54  Supply Depot  
  116  6:57  Marine x3  
  116  6:58  Marine x2  
  121  7:01  Siege Tank  
  121  7:03  SCV  
  121  7:06  Missile Turret  
  121  7:07  Medivac, SCV, Marine  
  129  7:09  Marine x3  
  129  7:13  Supply Depot x2  
  129  7:15  Armory, Marine x3  
  133  7:16  Marine x2  
  137  7:25  Medivac, Marine  
  137  7:27  Marine x2  
  137  7:29  Marine  
  143  7:30  Supply Depot  
  143  7:33  Marine x3  
  143  7:35  Supply Depot  
  143  7:36  Siege Tank  
  149  7:37  Supply Depot  
  149  7:38  Marine x2  
  149  7:42  Marine  
  152  7:44  Marine x2  
  152  7:47  Marine  
  152  7:50  Marine  
  152  7:51  Marine  
  155  7:53  Marine  
  155  7:56  Marine x2  
  158  8:00  Marine  
  158  8:02  Marine  
  150  8:08  Siege Tank  
  150  8:12  Marine x5  
  144  8:18  Terran Infantry Weapons Level 2  
  144  8:19  Terran Infantry Armor Level 2  
  146  8:20  Marine  
  146  8:25  Command Center  
  147  8:28  Marine x3  
  147  8:30  Marine  
  147  8:32  Factory  
  151  8:37  Marine x3  
  151  8:38  Marine  
  151  8:40  Siege Tank  
  158  8:42  Marine  
  158  8:46  Marine x2  
  161  8:49  Marine  
  161  8:50  Marine  
  161  8:55  Marine  
  164  8:57  Marine  
  164  9:01  Medivac x2  
  164  9:02  Barracks x2, Marine  
  169  9:03  Refinery  
  169  9:05  Barracks  
  169  9:08  SCV  
  169  9:09  Marine x2  
  172  9:11  SCV, Marine  
  172  9:12  Siege Tank  
  172  9:16  Factory Tech Lab  
  177  9:18  Terran Vehicle Weapons Level 1  
  177  9:19  SCV  
  178  9:25  SCV  
  178  9:26  Marine  
  178  9:27  Marine  
  178  9:29  Marine  
  178  9:30  SCV  
  184  9:31  SCV  
  184  9:35  Medivac x2  
  188  9:39  SCV, Marine  
  188  9:40  Command Center  
  188  9:42  SCV  
  188  9:44  Siege Tank  
  194  9:52  Barracks Tech Lab x3  
  194  9:57  SCV  
  195  10:01  SCV  
  196  10:08  Planetary Fortress  
  196  10:09  SCV x2  
  194  10:14  Marine  
  194  10:15  Marauder  
  194  10:18  Refinery  
  194  10:20  Marauder  
  199  10:22  Refinery  
  199  10:23  Ghost Academy  
  199  10:26  Marine, Command Center x2  
  187  10:37  Marauder  
  187  10:41  Marine, Marauder x2  
  178  10:44  SCV x2  
  178  10:46  Medivac  
  178  10:47  Medivac  
  184  10:50  SCV  
  184  10:54  Marine  
  184  10:55  Marauder  
  188  11:02  Marine, Marauder  
  191  11:06  Marine  
  191  11:07  Marauder  
  191  11:09  Marine, Marauder  
  190  11:11  Marine  
  190  11:12  Marine x2  
  190  11:15  Marine  
  190  11:16  Medivac x2, Marauder  
  190  11:17  Marine  
  189  11:24  Marauder  
  189  11:25  Marine x2  
  167  11:27  SCV x3, Marine  
  167  11:28  Marauder  
  167  11:29  Marine  
  167  11:30  Marine x2, Marauder  
  160  11:33  Marine  
  160  11:35  SCV, Marine  
  160  11:37  Marauder  
  160  11:39  SCV x3  
  168  11:43  Marine x2  
  168  11:45  Marauder  
  168  11:46  Liberator x2  
  178  11:47  SCV  
  178  11:49  Marauder  
  178  11:51  SCV x3  
  182  11:57  Orbital Command, Marauder  
  182  11:58  Orbital Command  
  182  11:59  SCV  
  185  12:03  SCV x3  
  188  12:11  SCV  
  188  12:13  Marine  
  188  12:14  Marauder x2  
  193  12:15  SCV  
  193  12:16  SCV x2  
  193  12:19  Planetary Fortress  
  193  12:20  Marine, Marauder x2  
  192  12:24  SCV, Marine  
  192  12:28  SCV  
  188  12:31  Liberator x2  
  188  12:35  Marauder x2  
  188  12:36  Refinery  
  198  12:37  SCV x2  
  198  12:43  Marine  
  199  12:44  Marine  
  200  12:55  Marine  
  200  13:03  Refinery  
  200  13:04  Refinery  
  195  13:13  Marine, Command Center  
  195  13:14  Marauder  
  200  13:20  Marauder  
  198  13:32  Marauder  
  200  13:34  Sensor Tower  
  200  13:35  Ghost Academy, Command Center  
  200  13:59  Siege Tank  
  200  14:00  Marine x3  
  197  14:02  Marine  
  197  14:03  Marine x2  
  197  14:06  Marine  
  181  14:12  Marine, Marauder x4  
  161  14:18  Marine x3  
  161  14:24  Marine x3  
  161  14:30  Marine  
  148  14:34  Marauder x3  
  148  14:43  Barracks  
  148  14:44  Barracks  
  148  14:45  Barracks  
  128  14:49  Barracks  
  128  14:51  Barracks  
  104  15:00  Barracks x2  
  104  15:01  Barracks x2, Factory  
  104  15:02  Barracks  
  74  15:26  Orbital Command  
  74  15:27  Orbital Command  
  74  15:31  Marine  
  74  15:35  Marine  
  74  15:39  Marine  
  74  15:41  Factory  
  76  15:48  Marine x2  
  76  15:49  Marine x4  
  80  15:53  Marine  
  82  15:57  Marine  
  83  16:05  Factory Reactor  
  83  16:06  Marine x2  
  83  16:07  Marine x4  
  83  16:11  SCV, Marine  
  86  16:12  SCV x4  
  86  16:13  SCV, Marine  
  86  16:14  Widow Mine  
  86  16:15  Marine  
  86  16:18  Marine  
  95  16:24  SCV x5, Marine x2  
  95  16:25  SCV, Marine x2  
  105  16:29  Marine x2  
  105  16:30  Supply Depot x2  
  98  16:33  Supply Depot, Marine, Widow Mine  
  98  16:34  Supply Depot x3  
  98  16:35  Supply Depot, Widow Mine  
  98  16:36  SCV x2  
  105  16:40  Armory  
  105  16:51  SCV x5, Marine x4  
  105  16:52  SCV, Widow Mine  
  117  16:59  Marine  
  117  17:00  Marine x6  
  104  17:02  Starport  
  104  17:03  Factory Tech Lab x2, SCV x2  
  101  17:09  SCV x4  
  107  17:20  Barracks Tech Lab  
  107  17:22  Ghost Academy  
  105  17:23  Siege Tank x2  
  105  17:24  Barracks Tech Lab  
  105  17:26  Barracks Reactor  
  105  17:28  Barracks Tech Lab  
  111  17:37  Barracks Tech Lab  
  110  17:38  Marine  
  110  17:39  Marine x4  
  97  17:46  Marine  
  91  17:55  Siege Tank, Marine  
  91  17:56  Marine x4  
  92  18:01  Siege Tank  
  92  18:02  Marine x2  
  92  18:04  Marine, Starport Reactor  
  92  18:08  Orbital Command  
  92  18:19  Supply Depot x2  
  92  18:20  Supply Depot x2  
  92  18:21  Supply Depot  

Tags
 
Add a new tag
Caveats
  • Supply blocks, unpowered buildings, or Contaminate may cause inaccurate times.
  • Supply counts are checked every 10 seconds.